General information
- name: BNet
- type: Ladder 1vs1/FFA
- host: Battle.net
- saver: FOREVERAZONE
map: TwistedMeadows
- players: 2
- length: 23:50
- speed: Fast
- version: 1.26 W3XP
- replay type: Public
» download(109 KB)
Players
team 1 (winner)
FOREVERAZONE (
teal | 185 APM | 4411 actions | 23:50)
6 Archmage
3 Summon Water Elemental
2 Brilliance Aura
1 Mass Teleport
5 Firelord
3 Summon Lava Spawn
2 Incinerate
» actions
| Assign group hotkey | 86 | |
| Basic commands | 179 | |
| Build / train | 93 | |
| ESC pressed | 7 | |
| Enter build submenu | 26 | |
| Enter hero's abilities submenu | 12 | |
| Give item / drop item | 6 | |
| Right click | 1355 | |
| Select / deselect | 785 | |
| Select group hotkey | 1620 | |
| Use ability | 242 | |
4411 total
» units
| Peasant | 10 | |
| Footman | 6 | |
| Priest | 7 | |
| Spell Breaker | 1 | |
| Ogre Mauler | 3 | |
| Forest Troll Berserker | 3 | |
| Knight | 6 | |
| Goblin Shredder | 2 | |
38 total
» upgrades
| Lumber Harvesting | 2 | |
| Priest Training | 2 | |
| Swords | 3 | |
| Animal War Training | 1 | |
8 total
» buildings
| Altar of Kings | 1 | |
| Barracks | 3 | |
| Farm | 11 | |
| Keep | 2 | |
| Scout Tower | 1 | |
| Arcane Tower | 2 | |
| Lumber Mill | 1 | |
| Arcane Vault | 1 | |
| Arcane Sanctum | 2 | |
| Castle | 2 | |
| Blacksmith | 1 | |
| Town Hall | 1 | |
28 total
» build order
00:05 Altar of Kings
00:19 Barracks
00:34 Farm
00:49 Farm
01:34 Farm
03:23 Keep
03:30 Farm
03:44 Farm
03:57 Scout Tower
04:26 Arcane Tower
04:31 Lumber Mill
04:38 Arcane Vault
06:59 Arcane Sanctum
07:03 Arcane Sanctum
07:12 Farm
07:27 Farm
08:53 Farm
08:55 Farm
09:51 Castle
10:04 Blacksmith
10:18 Farm
11:14 Farm
18:49 Town Hall
21:07 Barracks
21:09 Barracks
» items
| Boots of Speed | 1 | |
| Staff of Teleportation | 1 | |
| Scroll of Regeneration | 4 | |
| Lesser Clarity Potion | 6 | |
| Potion of Healing | 1 | |
| Scroll of Healing | 1 | |
| Potion of Lesser Invulnerability | 1 | |
| Staff of Sanctuary | 1 | |
| Scroll of Town Portal | 1 | |
17 total
team 2 (loser)
Ks)King (
orange | 138 APM | 3278 actions | 23:48)
4 Archmage
1 Summon Water Elemental
1 Brilliance Aura
2 Blizzard
4 Pandaren Brewmaster
2 Breath of Fire
2 Drunken Haze
2 Firelord
1 Summon Lava Spawn
1 Soul Burn
» actions
| Assign group hotkey | 52 | |
| Basic commands | 71 | |
| Build / train | 106 | |
| Enter build submenu | 28 | |
| Enter hero's abilities submenu | 10 | |
| Give item / drop item | 2 | |
| Remove unit from queue | 2 | |
| Right click | 964 | |
| Select / deselect | 827 | |
| Select group hotkey | 1064 | |
| Use ability | 149 | |
3278 total
» units
| Peasant | 17 | |
| Footman | 9 | |
| Priest | 5 | |
| Spell Breaker | 7 | |
| Knight | 5 | |
| Gryphon Rider | 2 | |
45 total
» upgrades
| Defend | 1 | |
| Lumber Harvesting | 1 | |
| Masonry | 2 | |
| Animal War Training | 1 | |
| Storm Hammers | 1 | |
6 total
» buildings
| Altar of Kings | 1 | |
| Farm | 10 | |
| Barracks | 1 | |
| Keep | 2 | |
| Lumber Mill | 1 | |
| Arcane Vault | 1 | |
| Arcane Sanctum | 2 | |
| Scout Tower | 7 | |
| Arcane Tower | 2 | |
| Town Hall | 1 | |
| Guard Tower | 5 | |
| Castle | 1 | |
| Blacksmith | 1 | |
| Gryphon Aviary | 2 | |
37 total
» build order
00:06 Altar of Kings
00:08 Farm
00:10 Barracks
00:42 Farm
01:50 Farm
02:55 Keep
02:55 Keep
03:21 Lumber Mill
03:51 Farm
04:24 Arcane Vault
05:37 Arcane Sanctum
05:37 Arcane Sanctum
05:52 Scout Tower
06:10 Arcane Tower
06:13 Farm
06:13 Farm
09:03 Town Hall
09:06 Scout Tower
09:06 Scout Tower
09:07 Scout Tower
09:08 Scout Tower
09:57 Arcane Tower
09:58 Guard Tower
09:59 Guard Tower
10:18 Guard Tower
10:18 Guard Tower
11:39 Castle
11:43 Scout Tower
11:45 Scout Tower
12:28 Guard Tower
12:33 Blacksmith
13:24 Farm
13:25 Farm
18:34 Farm
18:35 Farm
20:55 Gryphon Aviary
20:58 Gryphon Aviary
» items
| Boots of Speed | 1 | |
| Potion of Lesser Invulnerability | 4 | |
| Scroll of Regeneration | 2 | |
| Ivory Tower | 3 | |
| Potion of Healing | 4 | |
| Scroll of Town Portal | 2 | |
| Staff of Sanctuary | 2 | |
18 total
Chat log
(00:10 / All) FOREVERAZONE: gl hf old friend
(00:12 / All) Ks)King: love me?
(00:28 / All) FOREVERAZONE: no i dont love u
(00:30 / All) FOREVERAZONE: i rape u
(00:37 / All) Ks)King: lol
(00:42 / All) FOREVERAZONE: gl man
(00:54 / All) Ks)King: ready to die baby?
(20:49 / All) Ks)King: lol wtf
(20:52 / All) Ks)King: sorry was afk
(20:55 / All) FOREVERAZONE: stfu
(21:42 / All) Ks)King: lol noob
(22:18 / All) FOREVERAZONE: gg again
(22:19 / All) FOREVERAZONE: faggot
(22:52 / All) FOREVERAZONE: smart
(22:55 / All) FOREVERAZONE: griff vs mass summon
(23:22 / All) FOREVERAZONE: die
(23:35 / All) FOREVERAZONE: noob
(23:47 / All) Ks)King: jajaja pendejo